 Dungeon Crawl Stone Soup version 0.28-a0-983-g1de4e0787c (webtiles) character file.

Game seed: 5229930452697334282

21 cheechan the Poker (level 2, 0/26 HPs)
             Began as a Naga Gladiator on Dec 2, 2021.
             Frozen to death by an endoplasm (5 damage)
             ... on level 1 of the Dungeon.
             The game lasted 00:01:42 (551 turns).

cheechan the Poker (Naga Gladiator)                  Turns: 551, Time: 00:01:42

Health: 0/26       AC:  3    Str: 16    XL:     2   Next: 87%
Magic:  2/2        EV: 10    Int:  8    God:
Gold:   3          SH:  0    Dex: 12    Spells: 1/1 levels left

rFire   . . .      SeeInvis +   a - +0 trident
rCold   . . .      Faith    .   (no shield)
rNeg    . . .      Spirit   .   b - +0 leather armour
rPois   +          Reflect  .   c - +0 helmet
rElec   .          Harm     .   (no cloak)
rCorr   .          Rampage  .   (no gloves)
Will    .....                   (no barding)
Stlth   +.........              (no amulet)
HPRegen 0.08/turn               (no ring)
MPRegen 0.08/turn               (no ring)

@: very slow
A: AC +0, large, see invisible, deformed body, poison resistance, slowness 2,
spit poison 1, naga tail 1
a: Spit Poison


You were on level 1 of the Dungeon.
You visited 1 branch of the dungeon, and saw 1 of its levels.

You collected 3 gold pieces.

Inventory:

Hand Weapons
 a - a +0 trident (weapon)
Missiles
 d - 3 throwing nets
 g - 29 sling bullets
Armour
 b - a +0 leather armour (worn)
 c - a +0 helmet (worn)
Scrolls
 e - a scroll of magic mapping {unknown}
 f - 2 scrolls of identify {unknown}
 h - a scroll of teleportation {unknown}


   Skills:
 + Level 2.3 Fighting
 + Level 3.3 Polearms
 + Level 1.8 Throwing
 + Level 0.4 Armour
 + Level 2.7 Dodging


You had one spell level left.
You didn't know any spells.
Your spell library contained the following spells:

 Spells                   Type           Power      Damage    Failure   Level
 Animate Skeleton         Necr           0%         N/A       47%         1
 Portal Projectile        Hex/Tloc       0%         N/A       85%         3
 Silence                  Hex/Air        0%         N/A       100%        5


Dungeon Overview and Level Annotations

Branches:
Dungeon (1/15)

Altars:


Innate Abilities, Weirdness & Mutations

Your serpentine skin is tough. (AC +0)
You have supernaturally acute eyesight. (SInv)
Armour fits poorly on your strangely shaped body.
Your system is resistant to poisons. (rPois)
You cover ground very slowly.
You can spit poison.
You have a snake-like lower body.


Message History

You have got your breath back.
Why would you want to do that? Why would you want to do that?
You closely miss the kobold. The kobold hits you with a +0 whip.
You puncture the kobold!
You kill the kobold!
You see here a +0 whip.
f - 2 scrolls labelled EKLOIDW MONI (gained 1)
A ball python comes into view.
Abil: Spit Poison
Press: ? - help, Q - select action, (/) - cycle Shift-Dir - straight line, f - ball python
Aim: a ball python The splash of poison hits the ball python.
You kill the ball python!
Unknown command.
You have got your breath back.
g - 29 sling bullets (gained 23)
An endoplasm and a hobgoblin come into view.
The hobgoblin shouts!
A hobgoblin comes into view.
The endoplasm moves out of view.
A quokka comes into view.
The hobgoblin shouts!
The endoplasm quivers.
Found a fizzy coppery potion.
The quokka bites you. The endoplasm hits you. The hobgoblin hits you.
You closely miss the quokka. The quokka misses you.
The quokka bites you but does no damage.
The endoplasm freezes you.
You are frozen.
The hobgoblin hits you.
You puncture the hobgoblin!
You kill the hobgoblin!
The quokka closely misses you.
The endoplasm hits you but does no damage.
You closely miss the quokka. The quokka bites you. The endoplasm hits you.
You closely miss the quokka. The quokka bites you.
* * * LOW HITPOINT WARNING * * *
The endoplasm freezes you.
You are frozen.
You die...

#...............###
##............).#
##...........#.###
###.#.#####......
##...# ###.###
##..### #.# ##...#
#†# ##..### #.#
#.@.# #.### #Jr##
#.... ....g. #####
..♣..♣..♣ ...
........ ...
.......... .##
8..8..8..∩!
............


You could see an endoplasm, a quokka and a hobgoblin.

Vanquished Creatures
  2 ball pythons (D:1)
  2 endoplasms (D:1)
  A giant cockroach (D:1)
  5 hobgoblins (D:1)
  3 bats (D:1)
  2 kobolds (D:1)
  4 rats (D:1)
19 creatures vanquished.

Notes
Turn   | Place    | Note
-------+----------+-------------------------------------------
     0 | D:1      | cheechan the Naga Gladiator began the quest for the Orb.
     0 | D:1      | Reached XP level 1. HP: 19/19 MP: 1/1
   128 | D:1      | Reached XP level 2. HP: 7/26 MP: 2/2
   412 | D:1      | Got the Incunabulum of Forking Paths
   551 | D:1      | Frozen to death by an endoplasm

Illustrated notes

Levels and vault maps discovered:
D:1:      saegor_arrival_fortress, layout_rooms,
          hellmonk_ecumenical_altar_arch_garden

Action                   || total
-------------------------++-------
Melee: Trident           ||    42
Throw: Throwing net      ||     1
 Abil: Spit Poison       ||     4
Armor: Leather armour    ||    10
Dodge: Dodged            ||    21

Table legend: (Time is in decaauts)
 A = Elapsed time spent in this place.
 B = Non-inter-level travel time spent in this place.
 C = Inter-level travel time spent in this place.
 D = Time resting spent in this place.
 E = Time spent auto-exploring this place.
 F = Levels seen in this place.
 G = Mean time per level.
                   A        B        C        D        E       F      G
               +--------+--------+--------+--------+--------+-----+--------+
         Total |    659 |    659 |      0 |    232 |      0 |   1 |  659.0 |
       Dungeon |    659 |    659 |      0 |    232 |      0 |   1 |  659.0 |
               +--------+--------+--------+--------+--------+-----+--------+

Top non-repeatable levels by time:
     D:1: 659 daAuts
